% Time on Ice - SEATTLE GRUNGE
Lines # - Real PCT - Wanted PCT - Time Play
Normal Forward
1 - 32% - 37% - 16:30
2 - 28% - 33% - 14:33
3 - 21% - 23% - 10:43
4 - 19% - 7% - 9:50
Normal Defense
1 - 36% - 40% - 18:37
2 - 36% - 35% - 18:33
3 - 28% - 25% - 14:26
4 - 0% - 0% - 0:00
PP Forward
1 - 63% - 55% - 2:30
2 - 37% - 45% - 1:28
PP Defense
1 - 63% - 55% - 2:30
2 - 37% - 45% - 1:28
PK Forward
1 - 62% - 55% - 2:44
2 - 38% - 45% - 1:42
PK Defense
1 - 44% - 55% - 1:57
2 - 56% - 45% - 2:29
PK3 Forward
1 - 0% - 55%
2 - 0% - 45%
PK3 Defense
1 - 0% - 55%
2 - 0% - 45%
44 Forward
1 - 0% - 55%
2 - 0% - 45%
44 Defense
1 - 0% - 55%
2 - 0% - 45%
Last Minute Offensive  - 0:00
Last Minute Defensive  - 0:00
Total
Forward - 60:00
Defense - 60:00
% Time on Ice - SASKATOON DUCKS
Lines # - Real PCT - Wanted PCT - Time Play
Normal Forward
1 - 33% - 40% - 17:04
2 - 35% - 37% - 18:03
3 - 21% - 18% - 11:05
4 - 10% - 5% - 5:24
Normal Defense
1 - 37% - 40% - 19:03
2 - 28% - 30% - 14:16
3 - 29% - 20% - 15:12
4 - 6% - 10% - 3:05
PP Forward
1 - 62% - 70% - 2:44
2 - 38% - 30% - 1:42
PP Defense
1 - 65% - 70% - 2:53
2 - 35% - 30% - 1:33
PK Forward
1 - 66% - 55% - 2:37
2 - 34% - 45% - 1:21
PK Defense
1 - 38% - 55% - 1:30
2 - 62% - 45% - 2:28
PK3 Forward
1 - 0% - 55%
2 - 0% - 45%
PK3 Defense
1 - 0% - 55%
2 - 0% - 45%
44 Forward
1 - 0% - 55%
2 - 0% - 45%
44 Defense
1 - 0% - 55%
2 - 0% - 45%
Last Minute Offensive  - 0:00
Last Minute Defensive  - 0:00
Total
Forward - 60:00
Defense - 60:00
Play-by-Play 1st period 0:01 of 1st period - Sidney Crosby wins face-off versus Tyler Seguin in neutral zone. 0:07 of 1st period - Sidney Crosby is hit by Brett Kulak and loses puck. 0:32 of 1st period - Shot by Sidney Crosby. 0:32 of 1st period - Shot Misses the Net. 0:47 of 1st period - Off-side. 0:48 of 1st period - Travis Boyd wins face-off versus Ryan Strome in neutral zone. 0:48 of 1st period - Travis Boyd is hit by Kailer Yamamoto. 0:52 of 1st period - Jake Sanderson is hit by Warren Foegele and loses puck. 1:08 of 1st period - Kailer Yamamoto is hit by William Borgen and loses puck. 1:29 of 1st period - Kailer Yamamoto is hit by William Borgen and loses puck. 2:00 of 1st period - Nikita Zaitsev is hit by Mathieu Joseph and loses puck. 2:38 of 1st period - Shot by Sidney Crosby. 2:38 of 1st period - Stopped by Semyon Varlamov with a rebound. 3:16 of 1st period - Icing by Nikita Zaitsev. 3:17 of 1st period - Ryan Strome wins face-off versus Sean Monahan in SEATTLE GRUNGE zone. 3:18 of 1st period - Shot by Kailer Yamamoto. 3:18 of 1st period - Stopped by Semyon Varlamov without a rebound. 3:19 of 1st period - Ryan Strome wins face-off versus Tyler Seguin in SEATTLE GRUNGE zone. 3:50 of 1st period - Shot by Kailer Yamamoto. 3:50 of 1st period - Shot Blocked by Morgan Geekie. 3:52 of 1st period - Shot by Kevin Shattenkirk. 3:52 of 1st period - Stopped by Semyon Varlamov without a rebound. 3:52 of 1st period - Semyon Varlamov from SEATTLE GRUNGE is injured at 3:52 of 1st period (Sprained Right Knee). 3:52 of 1st period - Karel Vejmelka enters game. 3:53 of 1st period - Rem Pitlick wins face-off versus Nils Aman in SEATTLE GRUNGE zone. 3:58 of 1st period - Rem Pitlick is hit by Milan Lucic. 4:12 of 1st period - Minor Penalty to Milan Lucic for Hooking. 4:13 of 1st period - Tyler Seguin wins face-off versus Mathieu Joseph in SASKATOON DUCKS zone. 4:13 of 1st period - Tyler Seguin is hit by Kevin Shattenkirk. 6:35 of 1st period - Milan Lucic is hit by Jakub Vrana and loses puck. 7:17 of 1st period - Icing by Artemi Panarin. 7:18 of 1st period - Sean Monahan wins face-off versus Ryan Strome in SASKATOON DUCKS zone. 7:21 of 1st period - Shot by Curtis Lazar. 7:21 of 1st period - Stopped by Tristan Jarry without a rebound. 7:22 of 1st period - Sean Monahan wins face-off versus Jason Zucker in SASKATOON DUCKS zone. 7:22 of 1st period - Sean Monahan is hit by Jaycob Megna. 7:31 of 1st period - Icing by Nick Seeler. 7:32 of 1st period - Jason Zucker wins face-off versus Jimmy Vesey in SEATTLE GRUNGE zone. 7:33 of 1st period - Shot by Sidney Crosby. 7:33 of 1st period - Shot Blocked by Nikita Zaitsev. 7:53 of 1st period - Shot by Curtis Lazar. 7:53 of 1st period - Shot Misses the Net. 8:18 of 1st period - Sidney Crosby is hit by Brett Kulak and loses puck. 8:52 of 1st period - Shot by Warren Foegele. 8:52 of 1st period - Stopped by Tristan Jarry without a rebound. 8:53 of 1st period - Paul Stastny wins face-off versus William Nylander in SASKATOON DUCKS zone. 10:02 of 1st period - Shot by Sean Monahan. 10:02 of 1st period - Shot Misses the Net. 10:04 of 1st period - Shot by Curtis Lazar. 10:04 of 1st period - The goal is going for a video replay. 10:04 of 1st period - The goal is refused. 10:05 of 1st period - Nils Aman wins face-off versus Warren Foegele in SASKATOON DUCKS zone. 12:00 of 1st period - Minor Penalty to Curtis Lazar for Interference. 12:01 of 1st period - Sidney Crosby wins face-off versus William Nylander in SEATTLE GRUNGE zone. 12:02 of 1st period - Shot by Jake Sanderson. 12:02 of 1st period - Shot Misses the Net. 12:04 of 1st period - Shot by Jake Sanderson. 12:04 of 1st period - Stopped by Karel Vejmelka without a rebound. 12:05 of 1st period - Sidney Crosby wins face-off versus Tyler Seguin in SEATTLE GRUNGE zone. 13:42 of 1st period - Shot by Jake Sanderson. 13:42 of 1st period - Deflect By Sidney Crosby. 13:42 of 1st period - Goal by Sidney Crosby - SEATTLE GRUNGE : 0 - SASKATOON DUCKS : 1. 13:43 of 1st period - Paul Stastny wins face-off versus Rem Pitlick in neutral zone. 13:46 of 1st period - Shot by Samuel Girard. 13:46 of 1st period - Shot Blocked by Kaiden Guhle. 13:49 of 1st period - Icing by William Borgen. 13:50 of 1st period - Paul Stastny wins face-off versus Rem Pitlick in SEATTLE GRUNGE zone. 13:57 of 1st period - Shot by Alexey Toropchenko. 13:57 of 1st period - Shot Misses the Net. 14:56 of 1st period - Shot by William Nylander. 14:56 of 1st period - Stopped by Tristan Jarry with a rebound. 15:03 of 1st period - Morgan Geekie is hit by Jaycob Megna and loses puck. 16:00 of 1st period - Shot by Travis Boyd. 16:00 of 1st period - Goal by Travis Boyd - SEATTLE GRUNGE : 1 - SASKATOON DUCKS : 1. 16:01 of 1st period - Ryan Strome wins face-off versus Sean Monahan in neutral zone. 17:27 of 1st period - Shot by Tyler Seguin. 17:27 of 1st period - Deflect By William Nylander. 17:27 of 1st period - Shot Misses the Net. 17:35 of 1st period - Shot by William Nylander. 17:35 of 1st period - Stopped by Tristan Jarry with a rebound. 17:45 of 1st period - Shot by Tyler Seguin. 17:45 of 1st period - Shot Misses the Net. 18:20 of 1st period - Shot by Travis Boyd. 18:20 of 1st period - Stopped by Tristan Jarry without a rebound. 18:21 of 1st period - Ryan Strome wins face-off versus Rem Pitlick in SASKATOON DUCKS zone. 18:34 of 1st period - Shot by Kailer Yamamoto. 18:34 of 1st period - Goal by Kailer Yamamoto - SEATTLE GRUNGE : 1 - SASKATOON DUCKS : 2. 18:35 of 1st period - Tyler Seguin wins face-off versus Nils Aman in neutral zone. 18:47 of 1st period - Shot by Roman Josi. 18:47 of 1st period - Shot Misses the Net. 18:55 of 1st period - Shot by Nils Aman. 18:55 of 1st period - Stopped by Karel Vejmelka without a rebound. 18:56 of 1st period - Ryan Strome wins face-off versus Travis Boyd in SEATTLE GRUNGE zone. 19:51 of 1st period - Icing by Travis Boyd. 19:52 of 1st period - Warren Foegele wins face-off versus Sidney Crosby in SEATTLE GRUNGE zone. 19:52 of 1st period - Nikita Zaitsev is hit by Ivan Barbashev and loses puck. Goals for this period are 1 for SEATTLE GRUNGE vs 2 for SASKATOON DUCKS. Shots for this period are 7 for SEATTLE GRUNGE vs 7 for SASKATOON DUCKS. 2nd period 0:01 of 2nd period - Sidney Crosby wins face-off versus Tyler Seguin in neutral zone. 1:10 of 2nd period - Minor Penalty to Tyler Seguin for Elbowing. 1:11 of 2nd period - Ryan Strome wins face-off versus Travis Boyd in SEATTLE GRUNGE zone. 1:55 of 2nd period - Off-side. 1:56 of 2nd period -